A+ WEST
VANCOUVER CANADIANS @ TRI-CITY DUST DEVILS
06/15/2042
 
TOP OF THE 1ST
Vancouver Canadians batting - Pitching for Tri-City Dust Devils : RHP Rob Picot
Pitching: RHP Rob Picot
Batting: LHB Arturo Molina 0-0: Ball
1-0: Called Strike
1-1: Foul Ball, location: 7LDF
1-2: Foul Ball, location: 23F
1-2: Ball
2-2: Ball
3-2: Strikes out looking
Batting: SHB Dan Tutt 0-0: Ground out 6-3 (Groundball, 6, EV 88.8 MPH)
Batting: LHB Don Harper 0-0: Ball
1-0: Ball
2-0: Ball
3-0: Base on Balls
Batting: RHB Billy Erickson 0-0: Ball
1-0: Called Strike
1-1: Ball
2-1: Ball
3-1: Swinging Strike
3-2: Fly out, F8 (Flyball, 8LM, EV 92.5 MPH)
Top of the 1st over - 0 runs, 0 hits, 0 errors, 1 left on base; Vancouver 0 - Tri-City 0
BOTTOM OF THE 1ST
Tri-City Dust Devils batting - Pitching for Vancouver Canadians : RHP Jonathan Garza
Pitching: RHP Jonathan Garza
Batting: RHB Manny Alfaro 0-0: Called Strike
0-1: Ball
1-1: SINGLE (Groundball, 56, EV 105.0 MPH)
Batting: RHB Gene Bryant 0-0: Called Strike
Manny Alfaro steals 2nd base
0-1: Ball
1-1: DOUBLE (Line Drive, 9LM, EV 98.1 MPH)
Manny Alfaro scores
Batting: LHB David Pérez 0-0: Called Strike
0-1: Ball
1-1: Foul Ball, location: 2RF
1-2: Ball
2-2: Strikes out looking
Batting: RHB Jorge Gonzáles 0-0: Foul Ball, location: 2F
0-1: Ball
1-1: Ball
2-1: Ball
3-1: Foul Ball, location: 5FF
3-2: Base on Balls
Batting: SHB Luis Medina 0-0: Ball
1-0: Called Strike
1-1: Foul Ball, location: 2LF
1-2: Strikes out swinging
Batting: RHB Ángelo Hernández 0-0: Ball
1-0: Ball
2-0: Ball
3-0: Called Strike
3-1: Foul Ball, location: 2F
3-2: Foul Ball, location: 9LSF
3-2: Ground out 5-3 (Groundball, 56, EV 101.3 MPH)
Bottom of the 1st over - 1 run, 2 hits, 0 errors, 2 left on base; Vancouver 0 - Tri-City 1
TOP OF THE 2ND
Vancouver Canadians batting - Pitching for Tri-City Dust Devils : RHP Rob Picot
Batting: RHB José Cabrera 0-0: Called Strike
0-1: Foul Ball, location: 23F
0-2: Ball
1-2: Strikes out looking
Batting: RHB Jesús Correa 0-0: Ball
1-0: Ball
2-0: Ball
3-0: Base on Balls
Batting: RHB Ron Kirkland 0-0: Ball
1-0: Ball
Jesús Correa steals 2nd base
2-0: Ball
3-0: Called Strike
3-1: Ground out 6-3 (Groundball, 6, EV 108.8 MPH)
Batting: RHB Juan Flores 0-0: Ball
1-0: Called Strike
1-1: Swinging Strike
1-2: Foul Ball, location: 2F
1-2: Foul Ball, location: 3F
1-2: Ball
2-2: Foul Ball, location: 2F
2-2: Ball
3-2: Strikes out swinging
Top of the 2nd over - 0 runs, 0 hits, 0 errors, 1 left on base; Vancouver 0 - Tri-City 1
BOTTOM OF THE 2ND
Tri-City Dust Devils batting - Pitching for Vancouver Canadians : RHP Jonathan Garza
Batting: RHB Bob O'Bronagham 0-0: Ball
1-0: Ball
2-0: Foul Ball, location: 2LF
2-1: Foul Ball, location: 2RF
2-2: Strikes out swinging
Batting: RHB Wilson Bravo 0-0: Foul Ball, location: 9LDF
0-1: Ball
1-1: Foul Ball, location: 9LDF
1-2: DOUBLE (Groundball, 5L, EV 101.3 MPH)
Batting: RHB Luis Jiménez 0-0: Called Strike
0-1: Swinging Strike
0-2: Strikes out swinging
Batting: RHB Manny Alfaro 0-0: Called Strike
0-1: SINGLE (Line Drive, 89S, EV 91.3 MPH)
Wilson Bravo to third
Runner from 3rd tries for Home, SAFE, throw by RF to home
Batting: RHB Gene Bryant 0-0: Called Strike
0-1: Ball
1-1: Foul Ball, location: 3FF
1-2: Ball
2-2: Fielders Choice at 2nd, 5-4 (Groundball, 56, EV 88.1 MPH)
Bottom of the 2nd over - 1 run, 2 hits, 0 errors, 1 left on base; Vancouver 0 - Tri-City 2
TOP OF THE 3RD
Vancouver Canadians batting - Pitching for Tri-City Dust Devils : RHP Rob Picot
Batting: RHB Ed Smith 0-0: Ball
1-0: SINGLE (Line Drive, 6D, EV 102.5 MPH)
Batting: LHB Arturo Molina 0-0: Called Strike
0-1: Ball
1-1: Swinging Strike
1-2: Ball
2-2: Foul Ball, location: 3F
2-2: Grounds into double play, 6-4-3 (Groundball, 6, EV 83.8 MPH)
Batting: SHB Dan Tutt 0-0: Swinging Strike
0-1: Swinging Strike
0-2: Ball
1-2: Strikes out looking
Top of the 3rd over - 0 runs, 1 hit, 0 errors, 0 left on base; Vancouver 0 - Tri-City 2
BOTTOM OF THE 3RD
Tri-City Dust Devils batting - Pitching for Vancouver Canadians : RHP Jonathan Garza
Batting: LHB David Pérez 0-0: Ball
1-0: Ball
2-0: Swinging Strike
2-1: Foul Ball, location: 2F
2-2: Ball
3-2: Fly out, F8 (Flyball, 8RD, EV 93.1 MPH)
Batting: RHB Jorge Gonzáles 0-0: Foul Ball, location: 23FF
0-1: Ball
1-1: Ball
2-1: DOUBLE (Flyball, 89XD, EV 108.1 MPH)
Batting: SHB Luis Medina 0-0: Ball
1-0: Called Strike
1-1: Called Strike
1-2: DOUBLE (Groundball, 3L, EV 108.1 MPH)
Jorge Gonzáles scores
Batting: RHB Ángelo Hernández 0-0: Called Strike
0-1: Ball
1-1: Fly out, F4 (Popup, 3D, EV 52.5 MPH)
Batting: RHB Bob O'Bronagham 0-0: Ball
1-0: Called Strike
1-1: Foul Ball, location: 9LSF
1-2: Strikes out swinging
Bottom of the 3rd over - 1 run, 2 hits, 0 errors, 1 left on base; Vancouver 0 - Tri-City 3
TOP OF THE 4TH
Vancouver Canadians batting - Pitching for Tri-City Dust Devils : RHP Rob Picot
Batting: LHB Don Harper 0-0: Called Strike
0-1: Swinging Strike
0-2: Foul Ball, location: 23F
0-2: Strikes out swinging
Batting: RHB Billy Erickson 0-0: Called Strike
0-1: Ball
1-1: Ball
2-1: Ground out U3 (Groundball, 23, EV 81.9 MPH)
Batting: RHB José Cabrera 0-0: Foul Ball, location: 9LSF
0-1: SINGLE (Line Drive, 4D, EV 95.6 MPH)
Batting: RHB Jesús Correa 0-0: Ball
José Cabrera steals 2nd base
1-0: DOUBLE (Flyball, 8LXD, EV 94.4 MPH)
José Cabrera scores
Batting: RHB Ron Kirkland 0-0: Fly out, F9 (Flyball, 9S, EV 78.1 MPH)
Top of the 4th over - 1 run, 2 hits, 0 errors, 1 left on base; Vancouver 1 - Tri-City 3
BOTTOM OF THE 4TH
Tri-City Dust Devils batting - Pitching for Vancouver Canadians : RHP Jonathan Garza
Batting: RHB Wilson Bravo 0-0: Ball
1-0: Called Strike
1-1: Foul Ball, location: 9LMF
1-2: Strikes out swinging
Batting: RHB Luis Jiménez 0-0: Ball
1-0: Ball
2-0: Called Strike
2-1: Ground out 6-3 (Groundball, 6, EV 84.4 MPH)
Batting: RHB Manny Alfaro 0-0: Ball
1-0: Called Strike
1-1: Ball
2-1: Ball
3-1: Base on Balls
Batting: RHB Gene Bryant 0-0: Called Strike
Manny Alfaro steals 2nd base
0-1: Swinging Strike
0-2: Ball
1-2: Strikes out swinging
Bottom of the 4th over - 0 runs, 0 hits, 0 errors, 1 left on base; Vancouver 1 - Tri-City 3
TOP OF THE 5TH
Vancouver Canadians batting - Pitching for Tri-City Dust Devils : RHP Rob Picot
Batting: RHB Juan Flores 0-0: Foul Ball, location: 2F
0-1: Foul Ball, location: 25F
0-2: Ball
1-2: Ball
2-2: Strikes out swinging
Batting: RHB Ed Smith 0-0: Foul Ball, location: 3F
0-1: Called Strike
0-2: Foul Ball, location: 5F
0-2: Ball
1-2: Ball
2-2: SINGLE (Groundball, 6D, EV 100.0 MPH)
Batting: LHB Arturo Molina 0-0: Called Strike
0-1: Foul Ball, location: 2F
0-2: Ball
1-2: Grounds into double play, 4-6-3 (Groundball, 4, EV 104.4 MPH)
Top of the 5th over - 0 runs, 1 hit, 0 errors, 0 left on base; Vancouver 1 - Tri-City 3
BOTTOM OF THE 5TH
Tri-City Dust Devils batting - Pitching for Vancouver Canadians : RHP Jonathan Garza
Batting: LHB David Pérez 0-0: Ball
1-0: SINGLE (Line Drive, 6D, EV 96.3 MPH)
Batting: RHB Jorge Gonzáles 0-0: Called Strike
0-1: Foul Ball, location: 9LMF
0-2: Ball
1-2: Strikes out swinging
Batting: SHB Luis Medina 0-0: Ball
1-0: Grounds into double play, 6-4-3 (Groundball, 6, EV 85.0 MPH)
Bottom of the 5th over - 0 runs, 1 hit, 0 errors, 0 left on base; Vancouver 1 - Tri-City 3
TOP OF THE 6TH
Vancouver Canadians batting - Pitching for Tri-City Dust Devils : RHP Rob Picot
Batting: SHB Dan Tutt 0-0: Called Strike
0-1: Ball
1-1: Foul Ball, location: 3SF
1-2: Foul Ball, location: 23F
1-2: SINGLE (Flyball, 34D, EV 89.4 MPH)
Batting: LHB Don Harper 0-0: Swinging Strike
0-1: Ball
Dan Tutt steals 2nd base
1-1: Swinging Strike
1-2: Ball
2-2: Fly out, F5 (Popup, 5SF, EV 81.9 MPH)
Pitching: RHP Jon Fullerton
Batting: RHB Billy Erickson 0-0: Ball
1-0: Ball
2-0: Ball
3-0: Base on Balls
Batting: RHB José Cabrera 0-0: Ball
1-0: Ball
2-0: Ball
3-0: Base on Balls
Dan Tutt to third
Billy Erickson to second
Batting: RHB Jesús Correa 0-0: Ball
1-0: Fly out, F8 (Flyball, 78D, EV 101.3 MPH)
Runner from 3rd tags up, SCORES, throw by CF
Billy Erickson to third
Batting: RHB Ron Kirkland 0-0: Called Strike
0-1: Foul Ball, location: 23F
0-2: Strikes out swinging
Top of the 6th over - 1 run, 1 hit, 0 errors, 2 left on base; Vancouver 2 - Tri-City 3
BOTTOM OF THE 6TH
Tri-City Dust Devils batting - Pitching for Vancouver Canadians : RHP Jonathan Garza
Batting: RHB Ángelo Hernández 0-0: Ball
1-0: Ball
2-0: Called Strike
2-1: Ball
3-1: Called Strike
3-2: Foul Ball, location: 2F
3-2: Base on Balls
Pitching: RHP Johnny Moleta
Batting: RHB Bob O'Bronagham 0-0: Sac Bunt to 23 - play at first, batter OUT! 3-4
Ángelo Hernández to second
Batting: RHB Wilson Bravo 0-0: Swinging Strike
0-1: Ball
1-1: Called Strike
1-2: Ball
2-2: Ball
3-2: Strikes out swinging
Batting: RHB Luis Jiménez 0-0: Called Strike
0-1: SINGLE (Line Drive, 9S, EV 98.1 MPH)
Ángelo Hernández to third
Runner from 3rd tries for Home, SAFE, throw by RF to home
Batting: RHB Manny Alfaro 0-0: Ball
1-0: Ball
2-0: Called Strike
2-1: Ball
3-1: Swinging Strike
3-2: Foul Ball, location: 25FF
3-2: Strikes out swinging
Bottom of the 6th over - 1 run, 1 hit, 0 errors, 1 left on base; Vancouver 2 - Tri-City 4
TOP OF THE 7TH
Vancouver Canadians batting - Pitching for Tri-City Dust Devils : RHP Jon Fullerton
Batting: RHB Juan Flores 0-0: Ball
1-0: Ball
2-0: Foul Ball, location: 9LMF
2-1: Ball
3-1: Called Strike
3-2: Strikes out swinging
Batting: RHB Ed Smith 0-0: Called Strike
0-1: Ball
1-1: Foul Ball, location: 2F
1-2: Strikes out swinging
Batting: LHB Arturo Molina 0-0: Swinging Strike
0-1: Foul Ball, location: 2F
0-2: Foul Ball, location: 5DF
0-2: Foul Ball, location: 2F
0-2: Strikes out swinging
Top of the 7th over - 0 runs, 0 hits, 0 errors, 0 left on base; Vancouver 2 - Tri-City 4
BOTTOM OF THE 7TH
Tri-City Dust Devils batting - Pitching for Vancouver Canadians : RHP Johnny Moleta
Batting: RHB Gene Bryant 0-0: Swinging Strike
0-1: Called Strike
0-2: Strikes out swinging
Batting: LHB David Pérez 0-0: Ball
1-0: Foul Ball, location: 3FF
1-1: Foul Ball, location: 3SF
1-2: Strikes out looking
Batting: RHB Jorge Gonzáles 0-0: Called Strike
0-1: Fly out, F8 (Flyball, 8RXD, EV 106.3 MPH)
Bottom of the 7th over - 0 runs, 0 hits, 0 errors, 0 left on base; Vancouver 2 - Tri-City 4
TOP OF THE 8TH
Vancouver Canadians batting - Pitching for Tri-City Dust Devils : RHP Jon Fullerton
Batting: SHB Dan Tutt 0-0: Swinging Strike
0-1: Foul Ball, location: 7LMF
0-2: Strikes out swinging
Pitching: LHP Robbie Walton
Pinch Hitting: RHB Juan Acevedo 0-0: Swinging Strike
0-1: Foul Ball, location: 2F
0-2: Ball
1-2: Strikes out swinging
Pitching: RHP Chet Joseph
Batting: LHB Chris Brady 0-0: Called Strike
0-1: Hit by Pitch
Batting: RHB José Cabrera 0-0: Ball
1-0: Called Strike
1-1: Called Strike
1-2: Foul Ball, location: 9LDF
1-2: Ball
2-2: Fly out, F6 (Popup, 6, EV 75.0 MPH)
Top of the 8th over - 0 runs, 0 hits, 0 errors, 1 left on base; Vancouver 2 - Tri-City 4
BOTTOM OF THE 8TH
Tri-City Dust Devils batting - Pitching for Vancouver Canadians : RHP Johnny Moleta
Now at 3B: César Fernández
Batting: SHB Luis Medina 0-0: Foul Ball, location: 7LDF
0-1: Ball
1-1: Ball
2-1: Ball
3-1: DOUBLE (Groundball, 3L, EV 104.4 MPH)
Batting: RHB Ángelo Hernández 0-0: Ball
1-0: Swinging Strike
1-1: Ball
2-1: Ball
3-1: Base on Balls
Batting: RHB Bob O'Bronagham 0-0: Sac Bunt to 13S - play at first, batter OUT! 1-3
Luis Medina to third
Ángelo Hernández to second
Batting: RHB Wilson Bravo 0-0: Intentional Walk
Batting: RHB Luis Jiménez 0-0: Ball
1-0: DOUBLE (Line Drive, 5D, EV 98.8 MPH)
Luis Medina scores
Ángelo Hernández scores
Wilson Bravo to third
Runner from 3rd tries for Home, SAFE, throw by LF to home
Batting: RHB Manny Alfaro 0-0: SINGLE (Line Drive, 56, EV 95.0 MPH)
Luis Jiménez to third
Pitching: LHP Mauro Calderón
Batting: RHB Gene Bryant 0-0: Foul Ball, location: 3FF
0-1: Called Strike
0-2: Ball
Passed Ball!
Luis Jiménez scores
Manny Alfaro to second
1-2: Ball
2-2: Strikes out swinging
Batting: LHB David Pérez 0-0: Swinging Strike
0-1: Ball
1-1: Swinging Strike
1-2: Strikes out looking
Bottom of the 8th over - 4 runs, 3 hits, 0 errors, 1 left on base; Vancouver 2 - Tri-City 8
TOP OF THE 9TH
Vancouver Canadians batting - Pitching for Tri-City Dust Devils : RHP Chet Joseph
Batting: RHB Jesús Correa 0-0: Ball
1-0: Swinging Strike
1-1: Swinging Strike
1-2: Ball
2-2: Strikes out swinging
Batting: RHB Ron Kirkland 0-0: Ball
1-0: Ball
2-0: Ground out 4-3 (Groundball, 4, EV 88.1 MPH)
Batting: RHB Juan Flores 0-0: Called Strike
0-1: Ball
1-1: Fly out, F8 (Line Drive, 8RM, EV 89.4 MPH)
Top of the 9th over - 0 runs, 0 hits, 0 errors, 0 left on base; Vancouver 2 - Tri-City 8
Friday, May 3rd , 2024 - OOTP Baseball 24.10 Build 82